 Dungeon Crawl Stone Soup version 0.30.1-9-gdf580d7c3d (webtiles) character file.

Game seed: 8476506539200917513

51512 Dillybarz the Severer (level 14, -15/129 HPs)
             Began as a Minotaur Fighter on Oct 6, 2023.
             Was a High Priest of Okawaru.
             Demolished by an enormous slime creature (46 damage)
             ... on level 12 of the Dungeon.
             The game lasted 01:03:02 (18806 turns).

Dillybarz the Severer (Minotaur Fighter)           Turns: 18806, Time: 01:03:03

Health: -15/129    AC: 38    Str: 20    XL:     14   Next: 23%
Magic:  18/18      EV:  9    Int:  8    God:    Okawaru [*****.]
Gold:   868        SH: 10    Dex: 11    Spells: 13/13 levels left

rFire   + + .        a - +4 broad axe "Weusity" {heavy, rPois rF++ rC+ Str-5 Int+3}
rCold   + . .        O - +2 buckler {AC+3}
rNeg    . . .        I - +6 plate armour of Dillybarz's Valiance {Fly}
rPois   +            (helmet restricted)
rElec   .            j - +0 cloak
rCorr   .            y - +2 pair of gloves
SInv    .            T - +0 pair of boots
Will    ++...        R - amulet of regeneration Stlth
                     u - +4 ring of protection
HPRegen 1.21/turn    Q - ring of willpower
MPRegen 0.16/turn

%: no passive effects
@: heroic, flying, studying Ranged Weapons
A: horns 2, retaliatory headbutt
a: Renounce Religion, Heroism, Finesse, Duel


You were on level 12 of the Dungeon.
You worshipped Okawaru.
Okawaru was extremely pleased with you.
You visited 3 branches of the dungeon, and saw 18 of its levels.

You collected 1583 gold pieces.
You spent 715 gold pieces at shops.

Inventory:

Hand Weapons
 a - the +4 broad axe "Weusity" (weapon) {heavy, rPois rF++ rC+ Str-5 Int+3}
   (Okawaru gifted it to you on level 3 of the Lair of Beasts)

   Str:       It affects your strength (-5).
   Int:       It affects your intelligence (+3).
   rF:        It greatly protects you from fire.
   rC:        It protects you from cold.
   rPois:     It protects you from poison.
 b - the +7 hand axe "Killer Bee's Death" {speed, rElec rN+}
   (You found it on level 3 of the Dungeon)

   rElec:     It insulates you from electricity.
   rN:        It protects you from negative energy.
 l - a +1 broad axe of electrocution
 K - the +6 war axe of Padduses {heavy, rPois Will+ rCorr}
   (Okawaru gifted it to you on level 1 of the Lair of Beasts)

   rPois:     It protects you from poison.
   rCorr:     It protects you from acid and corrosion.
   Will:      It increases your willpower.
Missiles
 c - 5 curare-tipped darts
 m - 26 poisoned darts
 v - 20 boomerangs
 D - a javelin (quivered)
 G - 6 atropa-tipped darts
 N - 3 silver javelins
Armour
 j - a +0 cloak (worn)
 y - a +2 pair of gloves (worn)
 I - the +6 plate armour of Dillybarz's Valiance (worn) {Fly}
   (Okawaru gifted it to you on level 9 of the Dungeon)

   Fly:       It grants you flight.
 O - a +2 buckler of protection (worn)
 T - a +0 pair of boots (worn)
Jewellery
 p - a ring of fire
 u - a +4 ring of protection (left hand)
 H - a ring of protection from cold
 L - a +6 ring of strength
 Q - a ring of willpower (right hand)
 R - an amulet of regeneration (around neck)
 S - a ring of positive energy
Wands
 f - a wand of flame (30)
 s - a wand of roots (34)
 x - a wand of polymorph (4)
 M - a wand of digging (8)
 P - a wand of quicksilver (5)
Scrolls
 q - 6 scrolls of teleportation
 r - 4 scrolls of fear
 t - 3 scrolls of magic mapping
 z - 3 scrolls of vulnerability
 C - 2 scrolls of blinking
 F - 3 scrolls of fog
 J - 6 scrolls of identify
Potions
 d - 3 potions of might
 e - a potion of ambrosia
 g - 5 potions of lignification
 h - 2 potions of cancellation
 i - 6 potions of flight
 k - 6 potions of berserk rage
 o - 4 potions of heal wounds
 w - 2 potions of attraction
 A - 2 potions of invisibility
 B - 2 potions of resistance
 E - 4 potions of curing


   Skills:
 + Level 13.1(18.1) Fighting
 * Level 17.7(22.7) Axes
 + Level 5.0(10.0) Throwing
 + Level 13.1(18.1) Armour
 + Level 13.1(18.1) Shields
 + Level 7.7 Invocations


You had 13 spell levels left.
You didn't know any spells.
Your spell library contained the following spells:

 Spells                   Type           Power      Damage    Failure   Level
 Apportation              Tloc           0%         N/A       99%         1
 Kiss of Death            Conj/Necr      0%         2d5       99%         1
 Necrotise                Necr           0%         1d4       99%         1
 Slow                     Hex            0%         N/A       99%         1
 Blink                    Tloc           0%         N/A       99%         2
 Cigotuvi's Dreadful Rot  Necr/Pois/Air  0%         N/A       99%         2
 Static Discharge         Conj/Air       0%         2-2/arc   99%         2
 Sublimation of Blood     Necr           0%         N/A       99%         2
 Confusing Touch          Hex            0%         N/A       100%        3
 Portal Projectile        Hex/Tloc       0%         N/A       100%        3
 Stone Arrow              Conj/Erth      0%         3d7       100%        3
 Vampiric Draining        Necr           0%         2d6       100%        3
 Dispel Undead            Necr           0%         3d6       100%        4
 Leda's Liquefaction      Hex/Erth       0%         N/A       100%        4
 Manifold Assault         Tloc           0%         N/A       100%        4
 Passage of Golubria      Tloc           0%         N/A       100%        4
 Alistair's Intoxication  Tmut/Pois      0%         N/A       100%        5
 Arcjolt                  Conj/Air       0%         1d10      100%        5
 Blade Hands              Tmut           0%         N/A       100%        5
 Borgnjor's Vile Clutch   Necr/Erth      0%         N/A       100%        5
 Yara's Violent Unravell  Hex/Tmut       0%         3d3       100%        5
 Eringya's Noxious Bog    Tmut/Pois      0%         N/A       100%        6
 Iron Shot                Conj/Erth      0%         9d1       100%        6
 Storm Form               Tmut/Air       0%         N/A       100%        7
 Lehudib's Crystal Spear  Conj/Erth      0%         10d2      100%        8
 Chain Lightning          Conj/Air       0%         N/A       100%        9
 Summon Small Mammal      Summ           Unusable   N/A       N/A         1
 Call Canine Familiar     Summ           Unusable   N/A       N/A         3
 Tukima's Dance           Hex            Unusable   N/A       N/A         3
 Animate Armour           Summ/Erth      Unusable   N/A       N/A         4
 Death Channel            Necr           Unusable   N/A       N/A         6

Dungeon Overview and Level Annotations

Branches:
Dungeon (12/15)            Temple (1/1) D:4            Lair (5/5) D:10
  Swamp (0/4) Lair:2        Snake (0/4) Lair:3        Slime (0/5) Lair:4
    Orc (0/2) D:9

Altars:
Ashenzari
Cheibriados
Dithmenos
Elyvilon
Fedhas
Gozag
Hepliaklqana
Kikubaaqudgha
Makhleb
Nemelex Xobeh
Okawaru
Qazlal
Ru
Sif Muna
Trog
Uskayaw
Vehumet
Wu Jian
Xom
Yredelemnul
Zin
The Shining One
Jiyva

Shops:
D:11 =(

Portals:
Hell: Lair:5

Annotations:
D:4 Wand of digging needed, 1 exclusion


Innate Abilities, Weirdness & Mutations

You have a pair of horns on your head.
You reflexively headbutt those who attack you in melee.


Message History

Okawaru accepts your kill.
You slash the very large slime creature!
The very large slime creature is moderately wounded.
You block the very large slime creature's attack.
You slash the very large slime creature!
The very large slime creature is heavily wounded.
The very large slime creature hits you.
Two slime creatures merge to form an enormous slime creature.
You completely miss the enormous slime creature.
The enormous slime creature is moderately wounded.
You slash the enormous slime creature!
You headbutt the enormous slime creature!
The enormous slime creature is heavily wounded.
The enormous slime creature hits you!!! The enormous slime creature hits you!
The enormous slime creature attacks as you move away!
You block the enormous slime creature's attack.
You gain the combat prowess of a mighty hero.
The enormous slime creature barely misses you.
You furiously retaliate!
You headbutt the enormous slime creature.
You barely miss the enormous slime creature.
You headbutt the enormous slime creature, but do no damage.
The enormous slime creature is heavily wounded.
The enormous slime creature barely misses you.
You barely miss the enormous slime creature.
The enormous slime creature is heavily wounded.
The enormous slime creature hits you!!
You slice the enormous slime creature like a ripe choko!!!
The enormous slime creature is severely wounded.
The enormous slime creature hits you!!!
* * * LOW HITPOINT WARNING * * *
The enormous slime creature attacks as you move away!
You block the enormous slime creature's attack.
The enormous slime creature attacks as you move away!
The enormous slime creature barely misses you.
The enormous slime creature attacks as you move away!
You block the enormous slime creature's attack.
The enormous slime creature attacks as you move away!
The enormous slime creature hits you!!!
You die...

#.#.###.## ######....##
#..## ##.# #.#.## ...#
#.# ######.#.##### ##.##
##.# #............#
....###.## #.####.#.###.#
###....## #.# #.#.#
#..##########.## #.#.#
#..............###.#.##
###....########.@J...|..#
......................#.#
.......########.#####.#.#
..§.§~.# #.# #.#.#
..~.~§.# ##.# #.#.#
.§§§.~.#######..# #.#.#
..~§§§..........# ..#.#
...§.....###.#.........
.......### #.#.####...


You could see an enormous slime creature.

Vanquished Creatures
  Fannar (D:11)
  5 hydras
  2 boulder beetles
  3 two-headed ogres
  12 death yaks
  A skyshark (Lair:5)
  A sixfirhy (Lair:5)
  A wizard (Lair:5)
  Pikel (D:7)
  A deep elf pyromancer (D:12)
  A wolf spider (Lair:4)
  A manticore (D:12)
  An elephant (Lair:5)
  2 black mambas
  A smoke demon (Lair:5)
  2 orange demons (Lair:5)
  A gargoyle (D:12)
  17 cane toads
  Maggie (D:7)
  2 torpor snails
  2 unseen horrors (D:11)
  An unseen horror zombie (D:8)
  11 komodo dragons
  5 rime drakes
  2 trolls (D:11)
  3 ice devils (Lair:5)
  2 hornets
  Grinder (D:6)
  6 blink frogs
  8 dream sheep
  Sigmund (D:6)
  2 slime creatures
  A vampire (D:12)
  A shadow (D:9)
  A steam dragon (D:7)
  39 yaks
  A wyvern (Lair:2)
  4 basilisks
  7 vampire mosquitoes
  Menkaure (D:5)
  2 acid dragons
  Edmund (D:5)
  2 nagas (Lair:3)
  17 water moccasins
  Duvessa (D:6)
  5 hell hounds (Lair:5)
  2 orc warriors
  An ice beast (D:7)
  A sky beast (D:6)
  2 black bears
  24 wolves
  6 centaurs
  A lemure (D:7)
  Blork the orc (D:6)
  2 phantoms (D:9)
  11 bullfrogs
  A gnoll sergeant (D:9)
  2 necrophages (D:8)
  2 scorpions (D:7)
  5 wights (D:6)
  Dowan (D:6)
  2 troll zombies (D:9)
  21 killer bees
  An electric eel (Lair:4)
  7 howler monkeys
  3 jellies (Lair:4)
  3 hounds
  9 orc priests
  A sleepcap (D:5)
  8 orc wizards
  3 iguanas
  6 ogre zombies (D:9)
  11 gnolls
  5 adders
  A shadow imp (D:6)
  2 white imps (D:6)
  2 ufetubi
  2 worms
  2 dart slugs
  23 orcs
  6 ball pythons
  6 bats
  5 endoplasms
  5 giant cockroaches
  7 goblins
  6 hobgoblins
  4 kobolds
  4 quokkas
  2 frilled lizards
  2 goblin skeletons (D:9)
  4 goblin zombies (D:9)
  A hobgoblin skeleton (D:9)
  4 hobgoblin zombies (D:9)
  3 orc skeletons (D:9)
  11 orc zombies (D:9)
  6 rats
  A spectral hobgoblin (D:6)
435 creatures vanquished.

Notes
Turn   | Place    | Note
-------+----------+-------------------------------------------
     0 | D:1      | Dillybarz the Minotaur Fighter began the quest for the Orb.
     0 | D:1      | Reached XP level 1. HP: 19/19 MP: 0/0
   221 | D:1      | Reached XP level 2. HP: 27/27 MP: 1/1
   480 | D:1      | Found a faded altar of an unknown god.
   744 | D:1      | Reached skill level 3 in Axes
  1058 | D:2      | Reached XP level 3. HP: 31/33 MP: 2/2
  1521 | D:3      | Found an iron altar of Okawaru.
  1545 | D:3      | Reached XP level 4. HP: 40/40 MP: 3/3
  1552 | D:3      | Became a worshipper of Warmaster Okawaru
  1581 | D:3      | Reached skill level 4 in Axes
  1657 | D:3      | Identified the +7 hand axe "Killer Bee's Death" {speed,
                  | rElec rN+}
  1692 | D:3      | Reached XP level 5. HP: 46/47 MP: 4/4
  2001 | D:3      | Found a basalt altar of Yredelemnul.
  2001 | D:3      | Found a snail-covered altar of Cheibriados.
  2678 | D:4      | Found a glowing silver altar of Zin.
  2803 | D:4      | Reached skill level 5 in Axes
  2931 | D:4      | Found a staircase to the Ecumenical Temple.
  2991 | Temple   | Entered the Ecumenical Temple
  3240 | D:5      | Entered Level 5 of the Dungeon
  3247 | D:5      | Noticed a hornet
  3253 | D:5      | Reached * piety under Okawaru
  3254 | D:5      | Reached XP level 6. HP: 51/55 MP: 5/5
  3259 | D:5      | Killed a hornet
  3260 | D:5      | Reached skill level 5 in Fighting
  3260 | D:5      | Reached skill level 5 in Armour
  3260 | D:5      | Reached skill level 5 in Shields
  3337 | D:5      | Noticed Menkaure
  3346 | D:5      | Killed Menkaure
  3347 | D:5      | Reached skill level 6 in Axes
  3347 | D:5      | Reached XP level 7. HP: 51/61 MP: 6/6
  3430 | D:5      | Reached ** piety under Okawaru
  3431 | D:5      | Reached skill level 1 in Invocations
  3545 | D:5      | Reached skill level 7 in Axes
  3547 | D:5      | Reached XP level 8. HP: 41/70 MP: 8/8
  3668 | D:5      | Noticed Edmund
  3680 | D:5      | Killed Edmund
  3918 | D:5      | Reached *** piety under Okawaru
  4211 | D:5      | Reached skill level 8 in Axes
  4394 | D:6      | Noticed Grinder
  4404 | D:6      | Killed Grinder
  4452 | D:6      | Noticed Dowan
  4452 | D:6      | Noticed Duvessa
  4465 | D:6      | Killed Duvessa
  4469 | D:6      | Killed Dowan
  4859 | D:6      | Reached XP level 9. HP: 70/78 MP: 10/10
  4904 | D:6      | Found an ornate altar of the Wu Jian Council.
  5053 | D:6      | Reached **** piety under Okawaru
  5090 | D:6      | Noticed Sigmund
  5099 | D:6      | Killed Sigmund
  5100 | D:6      | Reached skill level 9 in Axes
  5399 | D:6      | Noticed Blork the orc
  5413 | D:6      | Killed Blork the orc
  5693 | D:6      | Found a hazy altar of Hepliaklqana.
  5852 | D:7      | Noticed Maggie
  5871 | D:7      | Killed Maggie
  5872 | D:7      | Reached skill level 10 in Axes
  6025 | D:7      | Noticed Pikel
  6037 | D:7      | Killed Pikel
  6037 | D:7      | Reached ***** piety under Okawaru
  6143 | D:7      | Reached XP level 10. HP: 64/88 MP: 12/12
  6485 | D:7      | Reached skill level 5 in Invocations
  7058 | D:8      | Found a blossoming altar of Fedhas.
  7258 | D:8      | Reached skill level 11 in Axes
  7909 | D:9      | Reached skill level 12 in Axes
  7909 | D:9      | Found a staircase to the Orcish Mines.
  8066 | D:9      | Identified the +6 plate armour of Dillybarz's Valiance
                  | {Fly} (Okawaru gifted it to you on level 9 of the Dungeon)
  8066 | D:9      | Received a gift from Okawaru
  8340 | D:9      | Found a shimmering blue altar of Sif Muna.
  8499 | D:9      | Reached XP level 11. HP: 97/97 MP: 13/13
  8666 | D:10     | Entered Level 10 of the Dungeon
  8721 | D:10     | Found a glowing golden altar of the Shining One.
  8798 | D:10     | Reached skill level 1 in Throwing
  8963 | D:10     | Noticed a two-headed ogre
  8986 | D:10     | Killed a two-headed ogre
  8988 | D:10     | Reached skill level 13 in Axes
  9249 | D:10     | Found a staircase to the Lair.
  9486 | Lair:1   | Entered Level 1 of the Lair of Beasts
  9507 | Lair:1   | You are sucked into a shaft and drop 1 floor!
  9834 | Lair:1   | Reached skill level 10 in Fighting
  9834 | Lair:1   | Reached skill level 10 in Armour
  9834 | Lair:1   | Reached skill level 10 in Shields
 10034 | Lair:1   | Reached ****** piety under Okawaru
 10413 | Lair:1   | Identified the +6 war axe of Padduses {heavy, rPois Will+
                  | rCorr} (Okawaru gifted it to you on level 1 of the Lair of
                  | Beasts)
 10413 | Lair:1   | Received a gift from Okawaru
 10966 | Lair:2   | Found a staircase to the Swamp.
 11389 | Lair:2   | Noticed a six-headed hydra
 11408 | Lair:2   | Killed a 17-headed hydra
 11605 | Lair:3   | Reached skill level 14 in Axes
 11614 | Lair:3   | Reached XP level 12. HP: 85/108 MP: 14/14
 11685 | Lair:3   | Noticed a five-headed hydra
 11695 | Lair:3   | Killed an eight-headed hydra
 11891 | Lair:3   | Received a gift from Okawaru
 12467 | Lair:3   | Identified the +4 short sword of Intense Duty {drain,
                  | Will+}
 12514 | Lair:3   | Found a staircase to the Snake Pit.
 13220 | Lair:4   | Noticed a death yak
 13220 | Lair:4   | Noticed a death yak
 13222 | Lair:4   | Noticed a death yak
 13223 | Lair:4   | Noticed a death yak
 13226 | Lair:4   | Noticed a death yak
 13248 | Lair:4   | Noticed a death yak
 13255 | Lair:3   | Killed a death yak
 13255 | Lair:3   | Identified the +4 broad axe "Weusity" {heavy, rPois rF++
                  | rC+ Str-5 Int+3} (Okawaru gifted it to you on level 3 of
                  | the Lair of Beasts)
 13255 | Lair:3   | Received a gift from Okawaru
 13258 | Lair:3   | Killed a death yak
 13260 | Lair:3   | Killed a death yak
 13261 | Lair:3   | Killed a death yak
 13262 | Lair:3   | Reached skill level 15 in Axes
 13262 | Lair:3   | Reached skill level 5 in Throwing
 13586 | Lair:4   | Identified the +2 scale mail of the Rescuing Gods {rF+
                  | Regen+}
 13906 | Lair:4   | Noticed a six-headed hydra
 13911 | Lair:4   | Killed a six-headed hydra
 14036 | Lair:4   | Noticed a death yak
 14036 | Lair:4   | Noticed a death yak
 14036 | Lair:4   | Noticed a death yak
 14036 | Lair:4   | Noticed a death yak
 14068 | Lair:4   | Killed a death yak
 14068 | Lair:4   | Received a gift from Okawaru
 14072 | Lair:4   | Killed a death yak
 14122 | Lair:4   | Noticed a death yak
 14131 | Lair:4   | Killed a death yak
 14134 | Lair:4   | Noticed a death yak
 14145 | Lair:4   | Killed a death yak
 14420 | Lair:4   | Found a staircase to the Slime Pits.
 14423 | Lair:4   | Found a viscous altar of Jiyva.
 14516 | Lair:4   | Reached XP level 13. HP: 65/117 MP: 14/16
 14697 | Lair:4   | Identified the +9 trident "Ovaerghu" {chaos, Str+3}
 14797 | Lair:4   | Reached skill level 16 in Axes
 14798 | Lair:4   | Received a gift from Okawaru
 15273 | Lair:5   | Entered Level 5 of the Lair of Beasts
 16165 | Lair:5   | Found a burning altar of Makhleb.
 16186 | Lair:5   | Reached skill level 17 in Axes
 16312 | Lair:5   | Found a gateway to Hell.
 16328 | Lair:5   | Got the Incunabulum of the Five Ziggurats
 16942 | Lair:5   | Received a gift from Okawaru
 17217 | D:11     | Found Nitre's Jewellery Shoppe.
 17220 | D:11     | Bought a ring of willpower for 325 gold pieces
 17220 | D:11     | Bought an amulet of regeneration for 390 gold pieces
 17554 | D:11     | Reached XP level 14. HP: 127/127 MP: 18/18
 17741 | D:11     | Found Linapuga's Antique Weapon Shop.
 17817 | D:11     | Noticed Fannar
 17831 | D:11     | Killed Fannar
 18290 | D:12     | Found a stormy altar of Qazlal.
 18806 | D:12     | Demolished by an enormous slime creature

Illustrated notes

Levels and vault maps discovered:
D:1:      sevenhm_arrival_forest_fort_large_4, layout_loops_cross,
          shapermc_ecumenical_altar_mp_ritualfount, minivault_4,
          grunt_decor_mini_mirrors, hex_tiny
D:2:      layout_basic, grunt_ministairs_10
D:3:      layout_rooms, mainiacjoe_overflow_brackets,
          mainiacjoe_overflow_divided_tiny, serial_corexii_hall,
          corexii_hall_statues_x, corexii_hall_statues_i, grunt_ministairs_1,
          minmay_misc_feat_ornament, wad_rectangle_vault
D:4:      layout_basic, zin_scriptorium, minmay_temple_entry_stoned_glass
D:5:      layout_gridville, dreamdust_gnoll_farm, uniq_edmund, uniq_menkaure
D:6:      layout_loops_corners, nicolae_wu_jian_immortal_techniques,
          nicolae_hepliaklqana_monster_ancestors, uniq_sigmund,
          uniq_blork_the_orc, uniq_grinder, uniq_duvessa
D:7:      layout_loops_ring, grunt_ministairs_13, minmay_manual_mares,
          uniq_maggie, uniq_pikel
D:8:      layout_basic, fedhas_altar_decomposition
D:9:      layout_long_grid, nicolae_overflow_crystal_walls, zombieorc2_lemuel
D:10:     layout_basic, nicolae_overflow_hidden_temple, lair_entry_dummy
D:11:     layout_loops_ring, serial_shops, nicolae_stop_n_shop_1, shop,
          hangedman_decor_riveting, uniq_fannar
D:12:     layout_loops_ring, nicolae_qazlal_scattered_showers
Temple:   nicolae_temple_god_jail
Lair:1:   layout_cave_pods, minivault_25, beast_lair_carwin_1
Lair:2:   layout_cave_pods, swamp_mist
Lair:3:   layout_layer_cave, guppyfry_snake_entry_island, grunt_megastairs_2
Lair:4:   layout_long_grid, minmay_slime_entry_pillars,
          nicolae_lair_run_with_the_wolves, serial_bayou_shore_b,
          grunt_megastairs_3, infiniplex_staircase_pool
Lair:5:   evil_forest, layout_gridlike

Skill      XL: |  1  2  3  4  5  6  7  8  9 10 11 12 13 14 |
---------------+-------------------------------------------+-----
Axes           | 3 4 5 6 7 8 10 12 14 15 17 | 17.7
Fighting       | 4 5 6 8 9 10 11 12 13 | 13.1
Armour         | 4 5 6 8 9 10 11 12 13 | 13.1
Shields        | 4 5 6 8 9 10 11 12 13 | 13.1
Invocations    | 1 3 4 5 7 |  7.7
Throwing       | 3 5 |  5.0

Action                     |  1- 3 |  4- 6 |  7- 9 | 10-12 | 13-15 || total
---------------------------+-------+-------+-------+-------+-------++-------
  Melee: War axe           |    80 |     9 |       |    90 |       ||   179
         Headbutt          |     7 |    12 |    42 |   151 |    77 ||   289
         Hand axe          |       |    73 |   206 |   445 |       ||   724
         Broad axe         |       |       |       |    86 |   307 ||   393
  Throw: Dart              |     1 |       |     1 |       |       ||     2
         Boomerang         |       |       |    15 |       |       ||    15
         Javelin           |       |       |       |    11 |     2 ||    13
 Invoke: Heroism           |       |       |     3 |    11 |     5 ||    19
  Evoke: Wand              |       |       |       |     2 |       ||     2
    Use: Scroll            |       |     9 |     3 |    12 |     5 ||    29
   Stab: Distracted        |       |       |       |       |     1 ||     1
 Armour: Scale mail        |    29 |    21 |    32 |       |       ||    82
         Chain mail        |       |       |    43 |    66 |       ||   109
         Plate armour      |       |       |       |   265 |   264 ||   529
  Dodge: Dodged            |    42 |    26 |    52 |   170 |    88 ||   378
  Block: Buckler           |    17 |    14 |    33 |   148 |   144 ||   356
